 Dungeon Crawl Stone Soup version 0.31-a0-180-g519b7de00c (webtiles) character file.

Game seed: 16106448987566515878

4242 qw the Cleaver (level 10, -7/64 HPs)
             Began as a Gargoyle Fighter on June 19, 2023.
             Was a Believer of Okawaru.
             Mangled by a fire crab (14 damage)
             ... on level 8 of the Dungeon.
             The game lasted 00:03:20 (7219 turns).

qw the Cleaver (Gargoyle Fighter)                   Turns: 7219, Time: 00:03:21

Health: -7/64      AC: 24    Str: 30    XL:     10   Next: 30%
Magic:  11/13      EV: 11    Int:  9    God:    Okawaru [**....]
Gold:   437        SH: 11    Dex:  9    Spells: 9/9 levels left

rFire   . . .        Y - +1 war axe (freeze)
rCold   . . .        c - +0 buckler
rNeg    + . .        e - +0 chain mail
rPois   inf          (helmet restricted)
rElec   +            j - +2 cloak
rCorr   .            (no gloves)
SInv    .            (no boots)
Will    .....        f - amulet of reflection
Stlth   +            s - ring of willpower
HPRegen 0.30/turn    t - +6 ring of strength
MPRegen 0.13/turn

%: reflection, clarity
@: about to teleport, weak-willed, heroic
A: sickness immunity, AC +7, negative energy resistance 1, electricity
resistance, torment resistance 1, petrification resistance, horns 1, iridescent
scales 1, camouflage 1, clarity, deterioration 1, no potion heal 1
a: Renounce Religion, Heroism


You were on level 8 of the Dungeon.
You worshipped Okawaru.
Okawaru was pleased with you.
You visited 2 branches of the dungeon, and saw 9 of its levels.

You collected 467 gold pieces.
You spent 30 gold pieces at shops.


Innate Abilities, Weirdness & Mutations

You are immune to sickness and miasma.
Your stone body is resilient. (AC +7)
You are immune to poison.
You resist negative energy. (rN+)
You are resistant to electric shocks. (rElec)
You are resistant to unholy torment.
You are immune to petrification.
You have a pair of small horns on your head.
You are partially covered in iridescent scales. (AC +2)
Your skin changes colour to match your surroundings (Stealth+).
You possess an exceptional clarity of mind.
Your body sometimes deteriorates upon taking damage.
Potions are less effective at restoring your health.


   Skills:
 - Level 8.1(13.1) Fighting
 - Level 10.3(15.3) Axes
 - Level 3.0(8.0) Throwing
 + Level 4.7(9.7) Armour
 - Level 1.0(6.0) Dodging
 - Level 4.2(9.2) Shields
 - Level 4.3 Invocations


You had 9 spell levels left.
You didn't know any spells.
Your spell library was empty.

Inventory:

Hand Weapons
 i - a +0 morningstar
 Y - a +1 war axe of freezing (weapon)
Armour
 c - a +0 buckler (worn)
 e - a +0 chain mail (worn)
 j - a +2 cloak (worn)
Jewellery
 f - an amulet of reflection (around neck)
 s - a ring of willpower (left hand)
 t - a +6 ring of strength (right hand)
Wands
 l - a wand of digging (2)
Scrolls
 a - 2 scrolls of identify
 b - 2 scrolls of teleportation
 g - 2 scrolls of enchant armour
Potions
 d - a potion of might
 h - a potion of attraction
 k - 3 potions of enlightenment
 m - a potion of lignification
 n - 2 potions of curing
 o - a potion of cancellation
 q - a potion of haste
 r - 2 potions of heal wounds

Dungeon Overview and Level Annotations

Branches:
Dungeon (8/15)             Temple (1/1) D:5            Lair (0/5) D:8

Altars:
Ashenzari
Cheibriados
Elyvilon
Fedhas
Gozag
Hepliaklqana
Kikubaaqudgha
Makhleb
Nemelex Xobeh
Okawaru
Qazlal
Ru
Sif Muna
Trog
Vehumet
Xom
Zin
The Shining One

Shops:
D:7 *   D:8 *

Annotations:
D:4 4 runed translucent doors, Crazy Yiuf; qw's ghost, amateur NaHu
D:8 exclusion: 2 fire crabs


Message History

Enter note:
Enter note:
Enter note:
Enter note:
Enter note:
Enter note:
Enter note:
Enter note:
Enter note:
Enter note:
Enter note:
Enter note:
Enter note:
Enter note:
Enter note:
Enter note:
Enter note:
Enter note:
Enter note:
Enter note:
Enter note:
Enter note:
Enter note:
Enter note:
Enter note:
Enter note:
7217 ||| INVOKING Heroism.
You gain the combat prowess of a mighty hero.
You block the fire crab's attack.
The fire crab claws you but does no damage.
You hit the fire crab. You freeze the fire crab.
The fire crab is moderately wounded.
The fire crab bites you but does no damage.
The fire crab claws you!
You are engulfed in flames!
7219 ||| READING 3 scrolls of teleportation.
As you read the scroll of teleportation, it crumbles to dust.
You feel strangely unstable.
The fire crab bites you but does no damage.
The fire crab claws you!
You are engulfed in flames!
You die...

....###....# ###..#...#......#.
......#....# #.#.#.#.#.....#.
..###......# #..#.#.#.#.....)#
.## ##.....# #..#.#.#.#.....## .#
#.....######.#...#...#.###.# .#
#.....¤......#... ...##..... ####
#...~¤¤¤.....#...#...#......
........~~~~.¤¤t.#.#.#.#.#.#.....
.......~~~(.~¤.#@#.#.#.#.#.#.....
.......¤¤.>.~¤¤..#.#.#.#.#.#.....
####...¤~¤~~~...#...#...#...#.###
# ##..~~¤~¤~..J#... .>.#...##...
# ...~¤.~....#...#...#...#....
........###.#.#.#.#.#.....
##..... #.#.#.#.#.#....# #.....#
#.#.#.#.#.#...##
...###...#...#.###.#


You could see a fire crab (weak-willed) and a jelly.

Vanquished Creatures
  A manticore (D:7)
  Joseph (D:7)
  Maggie (D:7)
  Prince Ribbit (D:6)
  3 yaks (D:5)
  2 steam dragons
  2 water moccasins
  Duvessa (D:7)
  An orc warrior (D:4)
  A sky beast (D:8)
  An ogre (D:5)
  3 centaurs
  A phantom (D:6)
  A kobold brigand (D:8)
  A bullfrog (D:8)
  3 scorpions
  Dowan (D:7)
  A howler monkey (D:6)
  4 crimson imps (D:4)
  An orc priest (D:7)
  5 hounds
  2 jellies (D:5)
  2 sleepcaps (D:6)
  Natasha (D:1)
  Terence (D:2)
  4 iguanas
  4 orc wizards
  6 gnolls
  14 adders
  4 shadow imps
  4 white imps
  2 ufetubi
  3 worms (D:2)
  3 dart slugs
  20 orcs
  12 ball pythons
  6 endoplasms
  3 giant cockroaches
  6 goblins
  6 hobgoblins
  A jackal (D:5)
  7 kobolds
  3 quokkas
  7 bats
  2 frilled lizards (D:1)
  3 rats
162 creatures vanquished.

Vanquished Creatures (others)
  A white imp (D:7)
1 creature vanquished.

Grand Total: 163 creatures vanquished

Notes
Turn   | Place    | Note
-------+----------+-------------------------------------------
     0 | D:1      | qw the Gargoyle Fighter began the quest for the Orb.
     0 | D:1      | Reached XP level 1. HP: 14/14 MP: 1/1
     0 | D:1      | 0 ||| qw: Version: 0.3-a-7-ge0c9b40
     0 | D:1      | 0 ||| qw: Game counter: 1033
     0 | D:1      | 0 ||| qw: Always use a shield: true
     0 | D:1      | 0 ||| qw: God list: Okawaru
     0 | D:1      | 0 ||| qw: Allow faded altars: false
     0 | D:1      | 0 ||| qw: Do Orc after D:15 true
     0 | D:1      | 0 ||| qw: Do second Lair branch before Depths: true
     0 | D:1      | 0 ||| qw: Lair rune preference: random
     0 | D:1      | 0 ||| qw: Plans: Normal, Zot:1-4, Slime:5, God:TSO, Crypt,
                  | Tomb, Abyss, Pan, Hells, Win
     0 | D:1      | 0 ||| PLANNING D:1-11
   126 | D:1      | Reached skill level 2 in Axes
   196 | D:1      | Reached XP level 2. HP: 19/19 MP: 2/2
   767 | D:1      | 767 ||| UPGRADING to +0 chain mail.
   777 | D:1      | 777 ||| DROPPING +0 scale mail.
   778 | D:1      | 778 ||| UPGRADING to +2 cloak.
   783 | D:1      | 783 ||| READING 3 scrolls labelled AMNYRA AHANEBB.
   784 | D:1      | 784 ||| READING scroll labelled JYBBUM KYNO.
   785 | D:1      | 785 ||| READING scroll labelled JEVIKY LECAS.
   786 | D:1      | 786 ||| READING 2 scrolls of identify.
   786 | D:1      | 786 ||| IDENTIFYING dark potion
   807 | D:2      | Noticed Natasha
   808 | D:2      | 808 ||| STAIRDANCE
   813 | D:1      | Reached skill level 3 in Axes
   813 | D:1      | Reached XP level 3. HP: 23/23 MP: 3/3
   817 | D:2      | 817 ||| STAIRDANCE
   820 | D:1      | Killed Natasha
   850 | D:2      | Reached XP level 4. HP: 28/28 MP: 4/4
   880 | D:2      | 880 ||| Stepping ~*~*~tactically~*~*~ (stealth).
   908 | D:2      | Reached skill level 4 in Axes
   930 | D:2      | Noticed Terence
   951 | D:2      | Killed Terence
   993 | D:2      | 993 ||| DROPPING +0 club.
  1022 | D:2      | Reached XP level 5. HP: 32/32 MP: 5/5
  1356 | D:2      | Reached skill level 5 in Axes
  1456 | D:2      | 1456 ||| DROPPING ring of magical power.
  1457 | D:2      | 1457 ||| READING scroll labelled HUXILI FIUP.
  1458 | D:2      | 1458 ||| READING 3 scrolls of identify.
  1458 | D:2      | 1458 ||| IDENTIFYING fizzy pink potion
  1459 | D:2      | 1459 ||| READING 2 scrolls of identify.
  1459 | D:2      | 1459 ||| IDENTIFYING red potion
  1460 | D:2      | 1460 ||| DROPPING potion of brilliance.
  1691 | D:3      | Reached XP level 6. HP: 38/39 MP: 6/6
  1729 | D:3      | 1729 ||| Stepping ~*~*~tactically~*~*~ (hiding).
  2022 | D:3      | Reached skill level 1 in Throwing
  2259 | D:3      | 2259 ||| UPGRADING to +0 helmet.
  2264 | D:3      | 2264 ||| READING scroll of enchant armour.
  2264 | D:3      | 2264 ||| ENCHANTING +0 helmet.
  2265 | D:3      | 2265 ||| READING scroll labelled OSOC UXIDU.
  2266 | D:3      | 2266 ||| READING scroll labelled MYGIOM JIUJ.
  2267 | D:3      | 2267 ||| READING scroll labelled CULIQE OLOPLOLI.
  2268 | D:3      | 2268 ||| DRINKING 2 sedimented emerald potions.
  2269 | D:3      | 2269 ||| READING 2 scrolls of identify.
  2269 | D:3      | 2269 ||| IDENTIFYING lumpy purple potion
  2307 | D:4      | 2307 ||| Stepping ~*~*~tactically~*~*~ (stealth).
  2370 | D:4      | Found a burning altar of Makhleb.
  2423 | D:4      | Found a runed translucent gate.
  2423 | D:4      | Found a runed translucent gate.
  2423 | D:4      | Found a runed translucent gate.
  2424 | D:4      | Found an opulent altar of Gozag.
  2425 | D:4      | Noticed qw's ghost (amateur NaHu)
  2425 | D:4      | Noticed an orc warrior
  2427 | D:4      | Noticed an orc warrior
  2435 | D:4      | HP: 7/39 [orc warrior/+0 dire flail (10)]
  2443 | D:4      | Killed an orc warrior
  2444 | D:4      | Reached skill level 6 in Axes
  2444 | D:4      | Reached XP level 7. HP: 10/44 MP: 7/7
  2915 | D:4      | Found a shimmering altar of Xom.
  2921 | D:4      | Reached skill level 1 in Dodging
  2938 | D:4      | 2938 ||| DRINKING potion of curing.
  2938 | D:4      | 2938 ||| (to cure confusion)
  3138 | D:4      | Found a runed translucent door.
  3139 | D:4      | Noticed Crazy Yiuf
  3244 | D:4      | 3244 ||| UPGRADING to amulet of guardian spirit.
  3275 | D:4      | 3275 ||| READING scroll labelled FEIKKA YTABLIGU.
  3276 | D:4      | 3276 ||| DRINKING 2 sedimented blue potions.
  3276 | D:4      | Gained mutation: You have hidden genetic defects. [potion
                  | of mutation]
  3276 | D:4      | Gained mutation: You are agile. (Dex +4, Str/Int -1)
                  | [potion of mutation]
  3276 | D:4      | Gained mutation: You have a pair of small horns on your
                  | head. [potion of mutation]
  3277 | D:4      | 3277 ||| DROPPING +1 helmet.
  3278 | D:4      | 3278 ||| DRINKING 2 bubbling puce potions.
  3383 | D:4      | 3383 ||| DROPPING potion of berserk rage.
  3388 | D:5      | Entered Level 5 of the Dungeon
  3553 | D:5      | Found a staircase to the Ecumenical Temple.
  3554 | D:5      | 3554 ||| PLANNING TEMPLE
  3554 | D:5      | 3554 ||| UPGRADING to amulet of reflection.
  3564 | D:5      | 3564 ||| DROPPING amulet of guardian spirit.
  3565 | D:5      | 3565 ||| READING 2 scrolls of identify.
  3565 | D:5      | 3565 ||| IDENTIFYING white potion
  3580 | Temple   | Entered the Ecumenical Temple
  3623 | Temple   | 3623 ||| PLANNING OKAWARU WORSHIP
  3674 | Temple   | Became a worshipper of Warmaster Okawaru
  3675 | Temple   | 3675 ||| PLANNING D:1-11
  3752 | D:5      | 3752 ||| Stepping ~*~*~tactically~*~*~ (stealth).
  3756 | D:5      | Reached skill level 7 in Axes
  3770 | D:5      | Gained mutation: You are frail. (-10% HP) [hidden defects]
  3772 | D:5      | 3772 ||| DRINKING potion of mutation.
  3772 | D:5      | Lost mutation: You are frail. (-10% HP) [potion of
                  | mutation]
  3772 | D:5      | Lost mutation: You are agile. (Dex +4, Str/Int -1) [potion
                  | of mutation]
  3772 | D:5      | Gained mutation: You are partially covered in iridescent
                  | scales. (AC +2) [potion of mutation]
  3772 | D:5      | Gained mutation: Your body sometimes deteriorates upon
                  | taking damage. [potion of mutation]
  3772 | D:5      | Gained mutation: Your skin changes colour to match your
                  | surroundings (Stealth+). [potion of mutation]
  3772 | D:5      | Gained mutation: You possess an exceptional clarity of
                  | mind. [potion of mutation]
  3795 | D:5      | Reached XP level 8. HP: 41/49 MP: 8/8
  3866 | D:5      | Gained mutation: Potions are less effective at restoring
                  | your health. [hidden defects]
  3866 | D:5      | Lost mutation: You have hidden genetic defects. [hidden
                  | defects expressed]
  3897 | D:5      | Noticed a yak
  3898 | D:5      | Noticed a yak
  3899 | D:5      | 3899 ||| Stepping ~*~*~tactically~*~*~ (stealth).
  3902 | D:5      | Noticed a yak
  3905 | D:5      | Killed a yak
  3912 | D:5      | Killed a yak
  3912 | D:5      | Reached * piety under Okawaru
  3913 | D:5      | Reached skill level 8 in Axes
  3916 | D:5      | Killed a yak
  3917 | D:5      | Reached skill level 1 in Invocations
  4286 | D:5      | 4286 ||| READING scroll labelled JIOGOLULE.
  4287 | D:5      | 4287 ||| READING scroll labelled KEXOF IMORGHUAZ.
  4290 | D:5      | 4290 ||| DRINKING 3 smoky pink potions.
  4376 | D:6      | Reached skill level 6 in Fighting
  4530 | D:6      | Reached skill level 3 in Invocations
  4549 | D:6      | 4549 ||| Stepping ~*~*~tactically~*~*~ (hiding).
  4621 | D:6      | Noticed Prince Ribbit
  4622 | D:6      | 4622 ||| INVOKING Heroism.
  4647 | D:6      | 4647 ||| INVOKING Heroism.
  4662 | D:6      | 4662 ||| INVOKING Heroism.
  4663 | D:6      | Killed Prince Ribbit
  4664 | D:6      | Reached XP level 9. HP: 40/55 MP: 7/12
  5106 | D:6      | 5106 ||| Stepping ~*~*~tactically~*~*~ (hiding).
  5146 | D:6      | 5146 ||| DROPPING orb of guile.
  5147 | D:6      | 5147 ||| UPGRADING to ring of willpower.
  5163 | D:7      | Found Xixyof's General Store.
  5168 | D:7      | Noticed Duvessa
  5168 | D:7      | Noticed Dowan
  5169 | D:7      | 5169 ||| Stepping ~*~*~tactically~*~*~ (hiding).
  5170 | D:7      | 5170 ||| Stepping ~*~*~tactically~*~*~ (hiding).
  5173 | D:7      | 5173 ||| INVOKING Heroism.
  5187 | D:7      | Killed Duvessa
  5188 | D:7      | 5188 ||| Stepping ~*~*~tactically~*~*~ (hiding).
  5194 | D:7      | Killed Dowan
  5214 | D:7      | 5214 ||| BUYING scroll of identify (30 gold).
  5214 | D:7      | Bought a scroll of identify for 30 gold pieces
  5231 | D:7      | Reached ** piety under Okawaru
  5232 | D:7      | Reached skill level 9 in Axes
  5249 | D:7      | 5249 ||| Stepping ~*~*~tactically~*~*~ (stealth).
  5251 | D:7      | 5251 ||| Stepping ~*~*~tactically~*~*~ (hiding).
  5354 | D:7      | 5354 ||| Stepping ~*~*~tactically~*~*~ (stealth).
  5356 | D:7      | 5356 ||| Stepping ~*~*~tactically~*~*~ (hiding).
  5360 | D:7      | 5360 ||| INVOKING Heroism.
  5369 | D:7      | 5369 ||| Stepping ~*~*~tactically~*~*~ (stealth).
  5401 | D:7      | 5401 ||| DROPPING +0 flail.
  5404 | D:7      | 5404 ||| DROPPING +1 mace of holy wrath.
  5405 | D:7      | 5405 ||| DROPPING +0 flail of venom.
  5422 | D:7      | 5422 ||| Stepping ~*~*~tactically~*~*~ (stealth).
  5423 | D:7      | 5423 ||| Stepping ~*~*~tactically~*~*~ (stealth).
  5457 | D:7      | 5457 ||| Stepping ~*~*~tactically~*~*~ (hiding).
  5463 | D:7      | 5463 ||| INVOKING Heroism.
  5464 | D:7      | 5464 ||| Stepping ~*~*~tactically~*~*~ (cloud).
  5475 | D:7      | 5475 ||| Stepping ~*~*~tactically~*~*~ (stealth).
  5476 | D:7      | 5476 ||| Stepping ~*~*~tactically~*~*~ (stealth).
  5477 | D:7      | 5477 ||| Stepping ~*~*~tactically~*~*~ (stealth).
  5626 | D:7      | Found a hazy altar of Hepliaklqana.
  5637 | D:7      | Noticed a manticore
  5638 | D:7      | 5638 ||| INVOKING Heroism.
  5651 | D:7      | Killed a manticore
  5682 | D:7      | 5682 ||| Stepping ~*~*~tactically~*~*~ (hiding).
  5714 | D:7      | Noticed Maggie
  5715 | D:7      | 5715 ||| Stepping ~*~*~tactically~*~*~ (hiding).
  5722 | D:7      | 5722 ||| INVOKING Heroism.
  5732 | D:7      | Killed Maggie
  5733 | D:7      | Reached XP level 10. HP: 30/64 MP: 11/13
  5989 | D:7      | Noticed Joseph
  5990 | D:7      | 5990 ||| Stepping ~*~*~tactically~*~*~ (hiding).
  5998 | D:7      | Killed Joseph
  5999 | D:7      | Reached skill level 10 in Axes
  6123 | D:7      | 6123 ||| Stepping ~*~*~tactically~*~*~ (hiding).
  6273 | D:7      | 6273 ||| UPGRADING to +6 ring of strength.
  6274 | D:7      | 6274 ||| READING scroll labelled COYPIR PUBLIRGH.
  6275 | D:7      | 6275 ||| READING 3 scrolls of identify.
  6275 | D:7      | 6275 ||| IDENTIFYING purple potion
  6276 | D:7      | 6276 ||| DROPPING potion of degeneration.
  6292 | D:8      | 6292 ||| Stepping ~*~*~tactically~*~*~ (hiding).
  6293 | D:8      | 6293 ||| Stepping ~*~*~tactically~*~*~ (hiding).
  6416 | D:8      | Identified the +4 mace of the Rat {flame, Will+}
  6517 | D:8      | Found Xaoklayc's Demolitions Depot.
  6571 | D:8      | Reached *** piety under Okawaru
  6579 | D:8      | 6579 ||| Stepping ~*~*~tactically~*~*~ (stealth).
  6581 | D:8      | 6581 ||| Stepping ~*~*~tactically~*~*~ (hiding).
  6582 | D:8      | 6582 ||| Stepping ~*~*~tactically~*~*~ (hiding).
  6584 | D:8      | 6584 ||| INVOKING Heroism.
  6590 | D:8      | Reached skill level 3 in Throwing
  6590 | D:8      | 6590 ||| Stepping ~*~*~tactically~*~*~ (cloud).
  6646 | D:8      | Found a sacrificial altar of Ru.
  7204 | D:8      | Noticed a fire crab
  7207 | D:8      | 7207 ||| READING scroll labelled TYPHUI TICZATO.
  7208 | D:8      | Found a staircase to the Lair.
  7217 | D:8      | 7217 ||| INVOKING Heroism.
  7218 | D:8      | HP: 15/64 [fire crab (12)]
  7219 | D:8      | 7219 ||| READING 3 scrolls of teleportation.
  7219 | D:8      | HP: 7/64 [fire crab (8)]
  7219 | D:8      | Mangled by a fire crab

Levels and vault maps discovered:
D:1:      enne_arrival_octagon_isle, layout_basic, palyth_stone_intersect,
          minmay_pentomino_s4
D:2:      layout_basic, uniq_terence, uniq_natasha
D:3:      layout_basic, minmay_snake_closets
D:4:      layout_loops_cross, old_standard_altar, led_xom_imps,
          ebering_ghost_gozag, uniq_crazy_yiuf_cottage
D:5:      layout_basic, minmay_temple_entry_antechambers, minmay_checkerbox
D:6:      layout_loops_ring, nicolae_benzene_ring, uniq_prince_ribbit1
D:7:      layout_basic, nicolae_overflow_crystal_walls, enter_bailey_7,
          serial_shops, shop, grunt_decor_mini_mirrors, grunt_ministairs_13,
          uniq_maggie, uniq_joseph, uniq_duvessa
D:8:      nicolae_BIG_FREAKIN_CUBE, layout_layer_cave,
          overflow_temple_1_default, minmay_lair_entry_lava,
          nicolae_blasting_shop, lightli_minifort
Temple:   nicolae_temple_great_sept

Skill      XL: |  1  2  3  4  5  6  7  8  9 10 |
---------------+-------------------------------+-----
Axes           | 2 3 4 5 6 7 8 9 10 | 10.3
Fighting       | 4 5 6 7 8 |  8.1
Throwing       | 1 2 3 |  3.0
Dodging        | 1 |  1.0
Invocations    | 4 |  4.3
Armour         | 4 |  4.7
Shields        | 4 |  4.2

Action                     |  1- 3 |  4- 6 |  7- 9 | 10-12 || total
---------------------------+-------+-------+-------+-------++-------
  Melee: War axe           |    55 |   186 |   191 |    52 ||   484
         Headbutt          |       |       |    27 |     7 ||    34
  Throw: Boomerang         |       |     8 |    27 |       ||    35
         Javelin           |       |    16 |    45 |     6 ||    67
 Invoke: Heroism           |       |       |     8 |     2 ||    10
    Use: Scroll            |     4 |     8 |     4 |     4 ||    20
         Potion            |       |     1 |     5 |       ||     6
 Armour: Scale mail        |    21 |       |       |       ||    21
         Chain mail        |     9 |   137 |    97 |    36 ||   279
  Dodge: Dodged            |    34 |    82 |    64 |     6 ||   186
  Block: Buckler           |    10 |    34 |    61 |    18 ||   123
         Reflection        |       |       |     3 |     1 ||     4

Table legend:
 A = Non-vault XP
 B = Vault XP
 C = Vault XP percentage of total XP
 D = Non-vault monster count
 E = Vault monster count
 F = Vault count percentage of total count
                 A         B        C        D         E       F
            +---------+---------+-------+---------+---------+-------
      Total |    4076 |    1984 |  32.7 |     128 |      34 |  21.0
            +---------+---------+-------+---------+---------+-------
        D:1 |      33 |      42 |  56.0 |      14 |       4 |  22.2
        D:2 |     126 |      36 |  22.2 |      31 |       1 |   3.1
        D:3 |     140 |      76 |  35.2 |      13 |      11 |  45.8
        D:4 |     242 |     194 |  44.5 |      16 |       4 |  20.0
        D:5 |     921 |     172 |  15.7 |      11 |       4 |  26.7
        D:6 |     498 |     268 |  35.0 |      14 |       1 |   6.7
        D:7 |    1262 |    1196 |  48.7 |      16 |       9 |  36.0
        D:8 |     854 |       0 |   0.0 |      13 |       0 |   0.0
            +---------+---------+-------+---------+---------+-------
